Map: New Richmond

Players

SeZei - Winner!

  • Race: Protoss Protoss
  • League: Diamond
  • Spawn Location: 5:00

Pausyrt - Winner!

  • Race: Zerg Zerg
  • Spawn Location: 7:00

HerurgRuSpb - Winner!

  • Race: Terran Terran
  • Spawn Location: 6:00

Loken

  • Race: Zerg Zerg
  • League: Platinum
  • Spawn Location: 11:00

Myran

  • Race: Protoss Protoss
  • Spawn Location: 3:00

dallaskuken

  • Race: Protoss Protoss
  • League: Platinum
  • Spawn Location: 12:00

VOD

Have the link to the VOD?

Description

Time

  • Played on: April 6, 2017, 7:36 p.m.
  • Length: 15:30
Show
View Real Time Build Order
Export as new Build Order

SeZei Protoss - Winner!

Build Orders:  

Get SALT Encoding   

  12  0:01  Probe (Chrono Boost)  
  13  0:12  Probe (Chrono Boost)  
  14  0:25  Pylon, Probe (Chrono Boost)  
  15  0:43  Probe (Chrono Boost)  
  16  0:51  Pylon  
  16  0:54  Probe (Chrono Boost)  
  17  1:03  Pylon  
  18  1:04  Probe (Chrono Boost)  
  18  1:10  Forge  
  18  1:46  Photon Cannon  
  18  1:48  Photon Cannon  
  18  2:02  Nexus  
  18  2:22  Pylon  
  18  2:32  Probe (Chrono Boost)  
  18  2:34  Assimilator  
  18  2:39  Assimilator  
  17  2:58  Probe (Chrono Boost)  
  18  3:08  Probe (Chrono Boost)  
  19  3:14  Gateway  
  19  3:19  Probe (Chrono Boost)  
  20  3:27  Pylon  
  20  3:29  Probe (Chrono Boost)  
  20  3:33  Probe (Chrono Boost)  
  22  3:40  Probe (Chrono Boost)  
  23  3:43  Probe (Chrono Boost)  
  23  3:46  Photon Cannon  
  24  3:48  Photon Cannon  
  24  3:50  Probe (Chrono Boost)  
  25  4:04  Probe x2 (Chrono Boost)  
  27  4:15  Probe x2 (Chrono Boost)  
  29  4:25  Probe (Chrono Boost)  
  30  4:36  Probe (Chrono Boost)  
  31  4:39  Cybernetics Core  
  31  4:46  Pylon  
  31  4:47  Probe (Chrono Boost)  
  31  4:50  Pylon  
  31  4:52  Assimilator  
  32  4:56  Pylon  
  32  4:57  Probe (Chrono Boost)  
  32  4:58  Assimilator  
  33  5:03  Probe (Chrono Boost)  
  34  5:08  Probe (Chrono Boost)  
  34  5:13  Photon Cannon, Probe (Chrono Boost)  
  36  5:15  Photon Cannon  
  36  5:18  Probe (Chrono Boost)  
  36  5:19  Photon Cannon  
  37  5:24  Probe (Chrono Boost)  
  37  5:27  Stargate  
  38  5:30  Stargate, Pylon  
  38  5:44  Stargate  
  38  5:47  Probe (Chrono Boost)  
  38  5:48  Probe (Chrono Boost)  
  40  5:57  Probe (Chrono Boost)  
  40  5:58  Probe (Chrono Boost)  
  42  6:05  Void Ray  
  42  6:09  Probe (Chrono Boost), Void Ray  
  42  6:10  Probe (Chrono Boost)  
  52  6:22  Protoss Air Weapons Level 1  
  52  6:27  Void Ray  
  56  6:42  Void Ray  
  56  6:46  Void Ray  
  64  7:10  Void Ray  
  68  7:19  Void Ray  
  68  7:23  Void Ray  
  76  7:53  Void Ray  
  80  8:05  Void Ray  
  80  8:08  Nexus  
  80  8:11  Assimilator  
  84  8:14  Assimilator  
  84  8:17  Protoss Shields Level 1, Pylon  
  84  8:18  Pylon  
  84  8:29  Void Ray  
  84  8:32  Pylon  
  84  8:40  Void Ray  
  92  8:47  Probe x2 (Chrono Boost)  
  94  8:57  Void Ray  
  94  8:59  Probe (Chrono Boost)  
  95  9:07  Pylon  
  99  9:14  Photon Cannon  
  99  9:15  Photon Cannon  
  99  9:17  Photon Cannon  
  99  9:21  Probe (Chrono Boost)  
  101  9:24  Pylon  
  101  9:25  Probe (Chrono Boost)  
  101  9:31  Probe (Chrono Boost)  
  101  9:33  Void Ray  
  101  9:35  Void Ray  
  101  9:36  Void Ray  
  101  9:37  Probe (Chrono Boost)  
  107  9:42  Probe (Chrono Boost)  
  116  9:49  Probe (Chrono Boost)  
  117  10:02  Probe (Chrono Boost)  
  118  10:19  Void Ray x2  
  118  10:24  Void Ray  
  130  10:56  Void Ray x2  
  114  11:07  Void Ray  
  106  11:33  Void Ray  
  106  11:34  Void Ray  
  114  11:50  Void Ray  
  106  12:17  Void Ray x2  
  98  12:30  Stargate  
  98  12:32  Stargate  
  98  12:35  Fleet Beacon  
  98  12:37  Pylon  
  98  12:39  Void Ray  
  98  12:40  Pylon  
  102  13:12  Carrier  
  102  13:15  Carrier  
  102  13:17  Carrier  
  102  13:22  Carrier x2  
  132  13:52  Graviton Catapult  
  134  14:12  Mothership Core (Chrono Boost)  
  134  14:15  Nexus  
  134  14:19  Pylon  
  134  14:22  Pylon  
  134  14:24  Pylon  
  134  14:26  Assimilator  
  134  14:40  Assimilator  
  134  14:44  Photon Cannon  
  134  14:45  Photon Cannon  
  134  14:48  Photon Cannon  
  134  14:49  Photon Cannon  
  134  14:51  Photon Cannon  
  152  14:52  Photon Cannon  
  152  14:54  Photon Cannon  
Show
View Real Time Build Order
Export as new Build Order

Pausyrt Zerg - Winner!

Build Orders: Pool First 

Get SALT Encoding   

  12  0:21  Spawning Pool  
  12  0:22  Drone  
  12  0:34  Overlord  
  12  0:35  Drone  
  13  0:49  Drone, Extractor  
  14  0:50  Drone  
  14  0:56  Extractor  
  13  1:02  Drone  
  14  1:13  Zergling x2  
  15  1:21  Zergling x2  
  16  1:30  Zergling x2  
  17  1:40  Metabolic Boost  
  17  1:45  Drone  
  18  1:56  Drone  
  18  1:58  Queen  
  20  2:35  Drone x2  
  22  2:40  Spine Crawler  
  22  2:41  Hatchery  
  18  2:52  Lair  
  18  2:59  Spine Crawler  
  17  3:06  Spore Crawler  
  17  3:09  Drone  
  17  3:35  Drone  
  17  3:36  Drone x4  
  22  3:49  Overlord  
  22  3:52  Overlord  
  22  4:02  Drone  
  23  4:11  Hydralisk Den  
  22  4:28  Spore Crawler  
  21  4:35  Spore Crawler  
  20  4:41  Hydralisk x2, Spore Crawler  
  20  4:42  Hydralisk  
  25  4:55  Overseer  
  26  5:00  Drone x3  
  28  5:11  Muscular Augments  
  28  5:28  Hydralisk x2  
  32  5:36  Evolution Chamber  
  31  5:44  Evolution Chamber  
  31  5:47  Drone x2  
  32  5:58  Hydralisk  
  32  6:04  Hydralisk  
  36  6:24  Zerg Missile Weapons Level 1  
  36  6:26  Hydralisk x2  
  40  6:33  Drone  
  40  6:34  Drone  
  42  6:44  Pneumatized Carapace  
  42  6:50  Overlord  
  42  6:59  Zerg Ground Armor Level 1  
  42  7:14  Hydralisk x2  
  46  7:24  Drone x3  
  46  7:26  Drone  
  50  7:37  Overlord x2  
  50  7:44  Overlord  
  50  7:56  Drone  
  51  8:00  Extractor  
  50  8:11  Hatchery, Hydralisk  
  51  8:14  Hydralisk  
  53  8:24  Overseer  
  53  8:30  Hydralisk x2  
  57  8:46  Unknown  
  57  9:04  Hydralisk x6  
  69  9:12  Drone x3  
  72  9:22  Overlord x2  
  72  9:56  Zerg Missile Weapons Level 2  
  72  9:58  Zerg Ground Armor Level 2  
  54  10:49  Hydralisk x6  
  42  11:06  Drone x3  
  45  11:18  Hydralisk x3  
  47  11:20  Hydralisk x2  
  47  11:21  Hydralisk  
  57  11:39  Hydralisk  
  59  11:42  Hydralisk x2  
  59  11:46  Hydralisk x3  
  69  11:55  Hydralisk x3  
  69  11:57  Hydralisk x2  
  79  12:01  Drone  
  79  12:07  Hydralisk  
  74  12:38  Drone x3  
  77  12:52  Hydralisk x5  
  87  13:11  Hydralisk  
  89  13:14  Overlord x3  
  57  13:59  Hydralisk x3  
  63  14:07  Infestation Pit, Drone x3  
  65  14:11  Queen  
  67  14:36  Hydralisk x3  
Show
View Real Time Build Order
Export as new Build Order

HerurgRuSpb Terran - Winner!

Build Orders: MMM Bio 

Get SALT Encoding   

  12  0:01  SCV  
  13  0:13  SCV  
  14  0:18  Supply Depot  
  14  0:25  SCV  
  15  0:40  SCV  
  15  0:42  Barracks  
  16  0:52  SCV  
  17  1:04  SCV  
  18  1:17  SCV  
  19  1:28  Barracks  
  19  1:34  SCV  
  19  1:37  Command Center  
  20  1:44  Marine  
  20  1:46  Orbital Command  
  21  1:57  Refinery  
  21  1:58  Refinery  
  21  2:04  Engineering Bay  
  21  2:12  Supply Depot  
  21  2:13  SCV  
  22  2:16  Marine  
  23  2:33  SCV, Marine  
  25  2:38  Barracks  
  25  2:51  Refinery  
  25  2:57  Planetary Fortress  
  25  2:59  Marine  
  25  3:00  Marine  
  25  3:03  SCV  
  28  3:17  SCV  
  29  3:20  Missile Turret  
  29  3:22  Building Armor  
  29  3:26  Barracks Tech Lab  
  29  3:29  SCV  
  29  3:30  Marine  
  31  3:41  SCV x2  
  33  3:50  Missile Turret  
  33  3:53  SCV  
  34  3:55  Missile Turret  
  34  4:01  SCV  
  35  4:05  SCV  
  36  4:14  Concussive Shells, Barracks Tech Lab  
  36  4:16  Barracks Reactor  
  36  4:17  SCV  
  36  4:19  Factory, SCV  
  38  4:24  Engineering Bay  
  38  4:27  Supply Depot  
  38  4:31  SCV x2  
  38  4:38  Refinery  
  40  4:42  Stimpack  
  40  4:43  SCV  
  40  4:44  SCV  
  42  4:49  Marauder  
  44  4:56  SCV x2, Terran Infantry Weapons Level 1  
  44  4:57  Combat Shields  
  46  5:04  Factory Reactor  
  46  5:08  SCV  
  46  5:09  Starport  
  46  5:10  SCV  
  46  5:13  Marauder  
  50  5:14  Marauder  
  50  5:15  Marine  
  50  5:20  SCV  
  54  5:29  Command Center  
  54  5:35  Barracks  
  54  5:41  Barracks  
  54  5:55  Factory Tech Lab  
  54  5:56  Supply Depot  
  54  5:57  Supply Depot  
  54  6:00  Armory  
  54  6:04  Armory  
  54  6:17  Marine x4, Medivac  
  54  6:18  Terran Infantry Armor Level 1  
  60  6:20  Supply Depot  
  60  6:21  Supply Depot  
  60  6:24  SCV  
  61  6:28  Starport  
  61  6:32  Barracks Reactor  
  61  6:33  Barracks Reactor  
  61  6:35  Marauder x2, Marine x2  
  61  6:39  Widow Mine  
  69  6:49  SCV  
  69  6:53  Terran Vehicle And Ship Armor Level 1  
  70  6:56  Terran Ship Weapons Level 1  
  70  7:01  SCV  
  70  7:02  Terran Infantry Weapons Level 2  
  70  7:08  Planetary Fortress  
  71  7:12  Missile Turret  
  71  7:13  SCV  
  72  7:22  Starport Reactor  
  72  7:23  Medivac  
  72  7:25  SCV  
  72  7:27  Marine x7  
  72  7:28  Marine  
  83  7:31  Widow Mine  
  85  7:37  SCV  
  85  7:38  Refinery  
  85  7:40  Refinery  
  86  7:44  Marine  
  86  7:45  SCV  
  86  7:49  SCV  
  89  7:53  Armory  
  89  7:57  SCV, Supply Depot  
  90  7:59  Supply Depot x2  
  90  8:00  Viking  
  90  8:01  Viking  
  90  8:02  SCV  
  90  8:03  Medivac  
  97  8:09  SCV  
  98  8:14  SCV  
  99  8:21  SCV  
  100  8:27  Siege Tank  
  100  8:29  Marauder, Marine  
  100  8:30  Marauder, Marine x2  
  100  8:31  Command Center  
  100  8:33  SCV  
  111  8:38  Supply Depot  
  111  8:43  Terran Infantry Armor Level 2  
  111  8:45  Terran Vehicle Weapons Level 1  
  111  8:47  Supply Depot  
  111  8:51  Unknown  
  111  8:55  Marauder x2  
  115  8:58  Terran Vehicle And Ship Armor Level 2  
  115  9:01  Supply Depot  
  115  9:03  Terran Ship Weapons Level 2  
  115  9:07  SCV  
  116  9:10  SCV  
  116  9:12  Supply Depot  
  117  9:17  Factory  
  117  9:20  Factory  
  117  9:29  Terran Infantry Weapons Level 3  
  117  9:31  Viking, Medivac  
  121  9:37  Starport  
  121  9:42  Supply Depot  
  121  9:49  Planetary Fortress  
  121  9:52  Missile Turret  
  121  9:56  SCV  
  121  9:59  SCV  
  123  10:08  SCV  
  123  10:11  SCV  
  123  10:14  Refinery  
  125  10:20  SCV  
  120  10:23  SCV  
  120  10:35  SCV  
  120  10:41  Marauder x2, Marine x2  
  120  10:42  Marine x4  
  130  10:43  Medivac  
  130  10:44  Viking, Medivac x2  
  138  10:59  Marine x3  
  138  11:02  Marauder x2  
  135  11:13  Viking  
  135  11:14  Viking x3  
  143  11:20  Marine x2  
  143  11:21  Marine x4  
  143  11:23  Marine x2  
  143  11:24  Thor  
  157  11:38  Marine x4  
  157  11:39  Marine x2  
  163  11:41  Marine  
  163  11:43  Medivac x2  
  163  11:44  Medivac x2  
  163  11:45  Starport Reactor  
  172  11:51  Factory Tech Lab x2  
  172  11:56  Marine x3  
  172  11:57  Marine x4  
  172  11:59  Marine  
  180  12:05  Refinery  
  180  12:09  Missile Turret  
  180  12:11  Missile Turret  
  180  12:12  Missile Turret  
  180  12:13  Viking  
  180  12:14  Marine x4  
  180  12:15  Marine  
  187  12:31  Viking x3, Supply Depot  
  187  12:33  Supply Depot  
  187  12:34  Terran Vehicle And Ship Armor Level 3, Terran Vehicle Weapons Level 2  
  193  12:40  Terran Infantry Armor Level 3  
  193  12:49  Marine x3  
  196  12:52  Marine x3  
  199  13:12  Command Center  
  199  13:15  Missile Turret  
  199  13:17  Missile Turret  
  199  14:00  Marine  
  198  14:24  Planetary Fortress  
  198  14:27  Missile Turret  
  198  14:30  Missile Turret  
Show
View Real Time Build Order
Export as new Build Order

Loken Zerg 

Build Orders: Hatch First 

Get SALT Encoding   

  12  0:01  Drone  
  13  0:13  Overlord  
  13  0:20  Drone  
  14  0:33  Drone x2  
  16  0:43  Drone  
  17  0:56  Hatchery  
  16  1:02  Drone x2  
  18  1:16  Spawning Pool  
  17  1:20  Drone, Extractor  
  17  1:23  Drone  
  18  1:34  Drone  
  19  1:43  Drone  
  20  2:05  Overlord  
  20  2:06  Queen  
  20  2:08  Queen  
  22  2:13  Zergling x6  
  26  3:42  Drone  
  26  3:43  Drone x5  
  26  3:47  Metabolic Boost  
  32  3:49  Lair  
  32  3:56  Spore Crawler  
  32  4:02  Spine Crawler  
  30  4:03  Spine Crawler  
  30  4:09  Spine Crawler  
  28  4:11  Spine Crawler x2, Drone x8  
  28  4:12  Drone x2  
  35  4:41  Overlord x3  
  35  4:42  Overlord x2  
  35  4:49  Extractor  
  35  4:50  Queen, Extractor  
  35  4:51  Extractor  
  35  4:52  Drone  
  35  5:01  Spire  
  35  5:02  Drone x2  
  35  5:03  Drone x3  
  39  5:19  Hatchery  
  38  5:26  Pneumatized Carapace  
  38  5:27  Drone  
  38  5:28  Drone x5  
  44  5:44  Queen  
  46  5:51  Drone  
  46  5:52  Drone x6  
  53  6:04  Drone x6  
  59  6:13  Spore Crawler  
  59  6:14  Spore Crawler  
  57  6:24  Spore Crawler  
  57  6:25  Spore Crawler  
  55  6:26  Spore Crawler  
  54  6:35  Spore Crawler  
  53  6:41  Drone x9  
  53  6:42  Drone x3  
  65  6:51  Queen  
  65  6:53  Queen  
  69  7:11  Overseer  
  69  7:18  Spine Crawler x2  
  69  7:19  Spine Crawler  
  69  7:21  Spine Crawler  
  65  7:24  Spine Crawler  
  65  7:25  Spore Crawler  
  65  7:27  Spore Crawler x2  
  65  7:28  Spore Crawler  
  60  7:31  Drone  
  60  7:32  Drone x8  
  69  8:03  Extractor  
  69  8:04  Extractor  
  67  8:10  Drone x7  
  74  8:16  Overlord x3  
  74  8:17  Overlord x4  
  74  8:37  Spore Crawler  
  74  8:39  Spore Crawler  
  72  8:41  Spore Crawler  
  72  8:45  Drone  
  72  8:46  Drone x4  
  76  8:53  Mutalisk  
  76  8:54  Mutalisk x9  
  96  8:59  Zerg Flyer Weapons Level 1  
  96  9:07  Infestation Pit  
  95  9:20  Mutalisk  
  95  9:21  Mutalisk x10  
  117  9:53  Spine Crawler  
  117  9:54  Spine Crawler x2  
  117  9:55  Spine Crawler  
  113  10:02  Mutalisk  
  113  10:03  Mutalisk x10  
  94  11:17  Mutalisk x8  
  94  11:18  Mutalisk x7  
  104  11:22  Zergling x20  
  118  11:36  Hive  
  118  11:38  Zergling x2  
  118  11:39  Zergling x10  
  124  12:00  Mutalisk  
  124  12:01  Mutalisk x2  
  126  12:03  Overlord  
  126  12:04  Overlord x10  
  111  12:31  Zergling x2  
  111  12:32  Zergling x26  
  113  12:58  Mutalisk x11  
  134  13:08  Adrenal Glands  
  134  13:14  Evolution Chamber  
  134  13:15  Evolution Chamber  
  134  13:17  Evolution Chamber  
  131  13:22  Hatchery  
  131  13:24  Hatchery  
  129  13:29  Hatchery  
  129  13:30  Corruptor x10  
  129  13:31  Hatchery, Corruptor  
  131  13:44  Mutalisk x5  
  131  13:45  Mutalisk x3  
  145  14:14  Greater Spire  
  145  14:20  Spire x2  
  143  14:27  Zergling x16  
  143  14:28  Zergling x20  
Show
View Real Time Build Order
Export as new Build Order

Myran Protoss 

Build Orders:  

Get SALT Encoding   

  12  0:01  Probe (Chrono Boost)  
  13  0:13  Probe (Chrono Boost)  
  14  0:19  Pylon  
  14  0:24  Probe (Chrono Boost)  
  15  0:40  Forge  
  15  0:42  Probe (Chrono Boost)  
  16  0:52  Probe (Chrono Boost)  
  17  1:03  Probe (Chrono Boost)  
  18  1:11  Gateway  
  18  1:14  Probe (Chrono Boost)  
  18  1:15  Pylon  
  19  1:57  Photon Cannon  
  19  1:59  Photon Cannon  
  19  2:07  Zealot  
  11  3:05  Photon Cannon  
  11  3:07  Nexus  
  11  3:42  Photon Cannon  
  11  4:10  Zealot  
  12  4:51  Probe (Chrono Boost)  
  13  5:01  Probe (Chrono Boost)  
  14  5:11  Photon Cannon  
  14  5:12  Probe (Chrono Boost)  
  15  5:22  Zealot, Probe (Chrono Boost)  
  19  5:36  Probe (Chrono Boost)  
  19  5:46  Probe (Chrono Boost)  
  20  5:50  Zealot  
  22  6:01  Probe (Chrono Boost)  
  23  6:36  Nexus  
  23  6:37  Zealot  
  23  6:38  Cybernetics Core  
  25  6:42  Probe (Chrono Boost)  
  25  6:44  Assimilator  
  26  6:58  Pylon  
  26  7:04  Zealot, Probe (Chrono Boost)  
  29  7:14  Probe (Chrono Boost)  
  30  7:28  Probe (Chrono Boost)  
  31  7:31  Zealot  
  33  7:38  Probe (Chrono Boost)  
  33  7:42  Warp Gate  
  34  7:46  Gateway, Assimilator  
  34  7:49  Pylon  
  34  7:53  Pylon  
  34  7:59  Stalker  
  36  8:10  Probe (Chrono Boost)  
  36  8:12  Probe (Chrono Boost)  
  38  8:21  Probe (Chrono Boost)  
  38  8:23  Probe (Chrono Boost)  
  40  8:33  Photon Cannon  
  40  8:39  Stalker  
  42  8:44  Stalker  
  42  8:46  Probe (Chrono Boost)  
  45  8:49  Probe (Chrono Boost)  
  46  9:09  Zealot  
  48  9:14  Zealot  
  50  9:22  Twilight Council  
  50  9:26  Probe (Chrono Boost)  
  51  9:32  Probe (Chrono Boost)  
  51  9:37  Assimilator  
  52  9:42  Assimilator  
  52  9:43  Probe x2 (Chrono Boost)  
  54  9:53  Probe x2 (Chrono Boost)  
  54  9:55  Pylon  
  56  10:00  Pylon  
  56  10:04  Probe x2 (Chrono Boost)  
Show
View Real Time Build Order
Export as new Build Order

dallaskuken Protoss 

Build Orders: Oracle Opening, Carrier Rush 

Get SALT Encoding   

  12  0:01  Probe (Chrono Boost)  
  13  0:11  Probe (Chrono Boost)  
  14  0:22  Pylon  
  14  0:25  Probe (Chrono Boost)  
  15  0:41  Gateway, Probe (Chrono Boost)  
  16  0:51  Probe (Chrono Boost)  
  17  1:00  Assimilator  
  17  1:02  Probe (Chrono Boost)  
  18  1:04  Assimilator  
  18  1:12  Probe (Chrono Boost)  
  19  1:23  Probe (Chrono Boost)  
  20  1:33  Probe (Chrono Boost)  
  20  1:34  Cybernetics Core  
  21  1:43  Pylon  
  21  1:44  Probe (Chrono Boost)  
  22  1:55  Probe (Chrono Boost)  
  23  2:05  Probe (Chrono Boost)  
  24  2:24  Stargate  
  24  2:54  Pylon  
  24  3:01  Robotics Facility  
  24  3:09  Oracle  
  27  3:17  Probe (Chrono Boost)  
  28  3:28  Probe (Chrono Boost)  
  28  3:33  Fleet Beacon  
  29  3:48  Warp Prism  
  29  3:54  Probe (Chrono Boost)  
  32  4:27  Carrier  
  35  4:51  Nexus  
  35  4:56  Pylon  
  35  4:58  Pylon  
  35  5:00  Assimilator  
  35  5:05  Assimilator  
  35  5:08  Mothership Core (Chrono Boost)  
  37  5:19  Stargate  
  37  5:32  Probe (Chrono Boost)  
  38  5:42  Probe (Chrono Boost)  
  39  5:53  Carrier, Probe (Chrono Boost)  
  46  6:03  Probe (Chrono Boost)  
  47  6:05  Probe (Chrono Boost)  
  48  6:14  Probe (Chrono Boost)  
  48  6:16  Probe (Chrono Boost)  
  50  6:26  Probe (Chrono Boost)  
  51  6:37  Probe (Chrono Boost)  
  52  6:47  Probe (Chrono Boost)  
  52  6:49  Carrier  
  59  6:58  Stargate, Probe (Chrono Boost)  
  61  7:08  Probe (Chrono Boost)  
  61  7:21  Nexus  
  61  7:24  Pylon  
  61  7:25  Pylon  
  61  7:27  Pylon  
  61  7:29  Pylon  
  67  7:41  Probe (Chrono Boost)  
  67  7:44  Carrier  
  68  7:46  Pylon  
  68  7:48  Pylon, Protoss Air Weapons Level 1  
  68  7:50  Pylon  
  75  7:51  Assimilator, Probe (Chrono Boost)  
  75  7:53  Assimilator  
  75  8:02  Probe (Chrono Boost)  
  76  8:10  Carrier  
  76  8:12  Probe (Chrono Boost)  
  83  8:23  Probe (Chrono Boost)  
  84  8:47  Probe (Chrono Boost)  
  85  8:49  Carrier  
  91  8:58  Probe (Chrono Boost)  
  92  9:04  Observer  
  92  9:05  Cybernetics Core  
  92  9:08  Probe (Chrono Boost)  
  92  9:09  Carrier  
  100  9:19  Probe (Chrono Boost)  
  101  9:29  Probe (Chrono Boost)  
  102  9:33  Protoss Air Weapons Level 2  
  102  9:38  Protoss Air Armor Level 1  
  102  9:40  Probe (Chrono Boost)  
  103  9:46  Carrier, Stargate  
  103  9:48  Stargate  
  103  9:51  Probe (Chrono Boost)  
  110  10:01  Probe (Chrono Boost)  
  111  10:08  Pylon  
  111  10:09  Pylon  
  111  10:11  Pylon  
  111  10:12  Probe (Chrono Boost)  
  111  10:22  Probe (Chrono Boost)  
  112  10:33  Probe (Chrono Boost)  
Tags
 
Add a new tag
Caveats
  • Supply blocks, unpowered buildings, or Contaminate may cause inaccurate times.
  • Supply counts are checked every 10 seconds.